 Dungeon Crawl Stone Soup version 0.21.1-1-g345015fe64 (webtiles) character file.

842 Revguard the Magician (level 7, -1/57 HPs)
             Began as a White Draconian Air Elementalist on June 15, 2018.
             Was an Initiate of Vehumet.
             Killed by divine providence
             ... invoked by an orc priest
              (15 damage)
             ... on level 5 of the Dungeon on June 17, 2018.
             The game lasted 00:32:28 (4627 turns).

Revguard the Magician (DrAE)                        Turns: 4627, Time: 00:32:28

Health: -1/57      AC:  7    Str: 11    XL:     7   Next: 67%
Magic:  13/13      EV: 15    Int: 17    God:    Vehumet [......]
Gold:   261        SH:  0    Dex: 11    Spells: 4/14 levels left

rFire    + . .     SeeInvis .   l - +3 quarterstaff (chaos)
rCold    + . .     Gourm    +   (shield currently unavailable)
rNeg     . . .     Faith    .   (armour unavailable)
rPois    .         Spirit   .   (helmet restricted)
rElec    .         Reflect  .   m - +0 cloak (curse)
rCorr    .         Harm     .   (no gloves)
MR       .....                  (no boots)
Stlth    ++........             h - amulet of the gourmand
HPRegen  0.19/turn              j - ring of protection from fire
MPRegen  0.13/turn              p - +3 ring of evasion

@: no status effects
A: breathe frost, unfitting armour, cold resistance 1, cold-blooded, AC +6
a: Breathe Frost, Renounce Religion


You were on level 5 of the Dungeon.
You worshipped Vehumet.
Vehumet was noncommittal.
You were very full.

You visited 2 branches of the dungeon, and saw 6 of its levels.

You collected 261 gold pieces.

Inventory:

Hand Weapons
 k - a +0 spear
 l - a +3 quarterstaff of chaos (weapon)
Armour
 m - a cursed +0 cloak (worn)
Jewellery
 h - an amulet of the gourmand (around neck)
 j - a ring of protection from fire (left hand)
 p - a +3 ring of evasion (right hand)
Wands
 q - a wand of random effects (29)
 r - a wand of acid (12)
 t - a wand of iceblast (9)
Scrolls
 c - a scroll of identify
 f - 3 scrolls of teleportation
 g - a scroll of fear {unknown}
 i - 2 scrolls of enchant armour {unknown}
 n - a scroll of enchant weapon {unknown}
 s - a scroll of fog {unknown}
Potions
 e - a potion of invisibility {unknown}
 o - a potion of curing
 u - a potion of might {unknown}
Books
 a - a book of Air

   Spells                             Type                      Level
   a - Shock                          Conjuration/Air              1
   b - Swiftness                      Charms/Air                   2
   c - Static Discharge               Conjuration/Air              3
   d - Airstrike                      Air                          4
   e - Lightning Bolt                 Conjuration/Air              5
Comestibles
 b - 10 rations


   Skills:
 * Level 3.0 Fighting
 - Level 0.2(2.2) Polearms
 * Level 3.6(3.7) Staves
 + Level 2.4 Dodging
 + Level 2.2 Stealth
 * Level 4.4 Spellcasting
 * Level 3.9 Conjurations
 + Level 4.1 Air Magic


You had 4 spell levels left.
You knew the following spells:

 Your Spells              Type           Power        Failure   Level  Hunger
a - Shock                 Conj/Air       ###.         2%          1    None
b - Swiftness             Chrm/Air       ##......     10%         2    ##.....
c - Static Discharge      Conj/Air       ###.....     9%          3    ###....
d - Airstrike             Air            ###.......   26%         4    ####...


Dungeon Overview and Level Annotations

Branches:
Dungeon (5/15)             Temple (1/1) D:4

Altars:
Ashenzari
Cheibriados
Dithmenos
Elyvilon
Fedhas
Gozag
Kikubaaqudgha
Nemelex Xobeh
Sif Muna
Trog
Uskayaw
Vehumet
Wu Jian
Xom
Zin
The Shining One


Innate Abilities, Weirdness & Mutations

You can breathe waves of freezing cold.
You can buffet flying creatures when you breathe cold.
Your icy white scales are hard. (AC +6)
You cannot fit into any form of body armour.
Your flesh is cold resistant. (rC+)
You are cold-blooded and may be slowed by cold attacks.


Message History

There is an open door here.
The orc priest invokes the aid of Beogh against you.
Beogh smites you!
* * * LOW HITPOINT WARNING * * *
The orc priest closely misses you.
You thump the orc priest!
The orc priest flickers and vanishes!
Deactivating autopickup; reactivate with Ctrl-A.
You hear something call down the wrath of Beogh upon you.
Beogh smites you!
* * * LOW HITPOINT WARNING * * *
There is an open door here.
You feel much better.
You hear something call down the wrath of Beogh upon you.
Beogh smites you!
* * * LOW HITPOINT WARNING * * *
You swap places.
The orc hits your orc zombie.
Your orc zombie is destroyed!
The orc priest mumbles some strange prayers to Beogh against you.
Beogh smites you!
You die...

####### ## #.....#
.###########.....#
.##.......##.....# ######
.##.......##.....##.o...##
)))............<@)o.{.....
.##)......##.....##.#.####
.##.......##.....# .#
.##.......##.....# .#
.##...)...##.....# .#
###.......##.....# ..
#.......####+### ##
........# ........#


You could see an orc priest and an orc.

Vanquished Creatures
  2 centaurs (D:4)
  A bullfrog (D:5)
  The ghost of P0WERM0DE the Skirmisher, a weakling DsFi (D:4)
  2 hounds (D:4)
  2 orc priests (D:3)
  Crazy Yiuf (D:2)
  4 orc wizards
  An iguana (D:3)
  2 worker ants (D:4)
  Ijyb (D:5)
  A hound zombie (D:5)
  Robin (D:2)
  5 adders
  An ooze (D:1)
  7 worms
  3 leopard geckos
  17 orcs
  4 giant cockroaches
  8 hobgoblins
  10 jackals
  2 quokkas
  9 bats
  5 frilled lizards
  11 goblins
  7 kobolds
  A quokka skeleton (D:4)
  10 rats
119 creatures vanquished.

Vanquished Creatures (others)
  An orc wizard (D:5)
1 creature vanquished.

Grand Total: 120 creatures vanquished

Notes
Turn   | Place    | Note
-------+----------+-------------------------------------------
     0 | D:1      | Revguard the Draconian Air Elementalist began the quest for the Orb.
     0 | D:1      | Reached XP level 1. HP: 14/14 MP: 3/3
   157 | D:1      | Reached XP level 2. HP: 17/20 MP: 0/5
   161 | D:1      | Learned a level 2 spell: Swiftness
   624 | D:1      | Reached XP level 3. HP: 21/27 MP: 0/6
   663 | D:1      | Reached skill level 1 in Fighting
   668 | D:1      | Learned a level 3 spell: Static Discharge
  1020 | D:2      | Noticed Robin
  1042 | D:2      | Killed Robin
  1232 | D:2      | Reached XP level 4. HP: 30/35 MP: 0/7
  1702 | D:2      | Found a runed door.
  1706 | D:2      | Noticed Crazy Yiuf
  1711 | D:2      | Killed Crazy Yiuf
  1759 | D:3      | Found a sparkling altar of Nemelex Xobeh.
  1872 | D:3      | Reached XP level 5. HP: 40/41 MP: 5/9
  1917 | D:3      | Learned a level 4 spell: Airstrike
  1921 | D:3      | Found a sparkling altar of Nemelex Xobeh.
  2063 | D:3      | Reached skill level 1 in Staves
  2205 | D:3      | Reached XP level 6. HP: 6/48 MP: 4/11
  2685 | D:4      | Noticed P0WERM0DE's ghost (weakling DsFi)
  2705 | D:4      | Killed P0WERM0DE's ghost
  2986 | D:4      | Your scales start taking on an icy white colour.
  2986 | D:4      | Reached XP level 7. HP: 14/56 MP: 10/12
  2986 | D:4      | Gained mutation: Your flesh is cold resistant. (rC+) [White Draconian growth]
  4095 | D:4      | Found a staircase to the Ecumenical Temple.
  4104 | Temple   | Entered the Ecumenical Temple
  4329 | Temple   | Became a worshipper of Vehumet
  4489 | D:5      | Entered Level 5 of the Dungeon
  4492 | D:5      | Noticed Ijyb
  4513 | D:5      | Killed Ijyb
  4627 | D:5      | Killed from afar by an orc priest

Skill      XL: |  1  2  3  4  5  6  7 |
---------------+----------------------+-----
Stealth        | 2 |  2.2
Dodging        | 2 |  2.4
Fighting       | 1 2 3 |  3.0
Conjurations   | 2 3 |  3.9
Spellcasting   | 3 4 |  4.4
Staves         | 1 2 3 |  3.6
Air Magic      | 4 |  4.1
Polearms       | |  0.2

Action                   |  1- 3 |  4- 6 |  7- 9 || total
-------------------------+-------+-------+-------++-------
Melee: Unarmed           |    76 |    24 |       ||   100
       Tailslap          |    10 |     8 |     9 ||    27
       Quarterstaff      |       |   100 |    67 ||   167
       Spear             |       |     3 |       ||     3
 Cast: Shock             |    61 |    70 |    17 ||   148
       Static Discharge  |       |     2 |     1 ||     3
       Airstrike         |       |       |     3 ||     3
Evoke: Wand              |       |       |     1 ||     1
  Use: Scroll            |       |     4 |       ||     4
       Potion            |       |     1 |     1 ||     2
 Stab: Sleeping          |     1 |     2 |       ||     3
       Confused          |       |       |     1 ||     1
  Eat: Chunk             |    11 |     3 |     7 ||    21
       Ration            |     1 |       |       ||     1
Armor: Skin              |    30 |    58 |    23 ||   111
Dodge: Dodged            |    63 |   107 |    31 ||   201
